 Dungeon Crawl Stone Soup version 0.29-a0-284-gf9362112df (webtiles) character file.

Game seed: 6790724052685979477

41 being54 the Chopper (level 3, 0/33 HPs)
             Began as a Hill Orc Monk on Mar 23, 2022.
             Slain by Ijyb
             ... wielding a +0 dagger
              (3 damage)
             ... on level 2 of the Dungeon.
             The game lasted 00:01:49 (1313 turns).

being54 the Chopper (Hill Orc Monk)                 Turns: 1313, Time: 00:01:50

Health: 0/33       AC:  4    Str: 15    XL:     3   Next: 52%
Magic:  3/3        EV: 12    Int: 10    God:
Gold:   39         SH:  0    Dex: 13    Spells: 2/2 levels left

rFire   . . .      SeeInvis .   a - +1 hand axe
rCold   . . .      Faith    .   (no shield)
rNeg    . . .      Spirit   .   b - +0 robe
rPois   .          Reflect  .   k - +0 helmet
rElec   .          Harm     .   f - +0 cloak
rCorr   .          Rampage  .   (no gloves)
Will    .....                   (no boots)
Stlth   ++........              (no amulet)
HPRegen 0.11/turn               (no ring)
MPRegen 0.08/turn               (no ring)

@: invisible
A: no striking features
a: no special abilities


You were on level 2 of the Dungeon.
You visited 1 branch of the dungeon, and saw 2 of its levels.

You collected 39 gold pieces.

Inventory:

Hand Weapons
 a - a +1 hand axe (weapon)
Armour
 b - a +0 robe (worn)
 f - a +0 cloak (worn)
 k - a +0 helmet (worn)
Potions
 c - a potion of ambrosia
 e - a potion of haste {unknown}
 g - a potion of heal wounds {unknown}
 h - a potion of degeneration {unknown}


   Skills:
 + Level 4.2 Fighting
 * Level 5.3 Axes
 - Level 2.4 Dodging
 - Level 1.5 Stealth


You had 2 spell levels left.
You didn't know any spells.
Your spell library was empty.

Dungeon Overview and Level Annotations

Branches:
Dungeon (2/15)

Altars:

Annotations:
D:2 Ijyb


Message History

You hit Ijyb but do no damage.
Ijyb is lightly wounded.
You hit the goblin.
You kill the goblin!
You hit the goblin.
You kill the goblin!
Ijyb zaps a wand.
The puff of flame hits you!
You barely miss Ijyb.
Ijyb is lightly wounded.
Ijyb hits you with a +0 dagger.
You hit Ijyb.
Ijyb is lightly wounded.
Ijyb hits you with a +0 dagger.
You hit Ijyb.
Ijyb is moderately wounded.
Ijyb hits you with a +0 dagger.
You hit Ijyb but do no damage.
Ijyb is moderately wounded.
Ijyb zaps a wand.
The puff of flame hits you.
You closely miss Ijyb.
Ijyb is moderately wounded.
Ijyb barely misses you.
You hit Ijyb but do no damage.
Ijyb is moderately wounded.
Ijyb zaps a wand.
The puff of flame misses you.
You hit Ijyb.
Ijyb is heavily wounded.
Ijyb zaps a wand.
The puff of flame misses you.
You hit Ijyb but do no damage.
Ijyb is heavily wounded.
Ijyb zaps a wand.
The puff of flame hits you!
* * * LOW HITPOINT WARNING * * *
It was a potion of invisibility.
You fade into invisibility!
Ijyb closely misses you.
You strike the helpless Ijyb from behind!
You hit Ijyb but do no damage.
Ijyb is heavily wounded.
Ijyb hits you with a +0 dagger.
You die...

#########
#..=.!..#
#8.....8#
#.......#
#8...)g8#
#....)@.#
#8...).8#
#.......#
#8.....8#
#.......#
#.......#
#...#....
..#.#.###


You could see Ijyb (can't see you).

Vanquished Creatures
  3 endoplasms (D:1)
  2 giant cockroaches
  14 goblins
  4 hobgoblins (D:1)
  3 ball pythons (D:1)
  4 bats (D:1)
  A frilled lizard (D:1)
  3 kobolds (D:1)
  A rat (D:1)
35 creatures vanquished.

Notes
Turn   | Place    | Note
-------+----------+-------------------------------------------
     0 | D:1      | being54 the Hill Orc Monk began the quest for the Orb.
     0 | D:1      | Reached XP level 1. HP: 19/19 MP: 1/1
   238 | D:1      | Reached XP level 2. HP: 22/27 MP: 2/2
   546 | D:1      | Reached skill level 5 in Axes
   686 | D:1      | Reached XP level 3. HP: 30/33 MP: 3/3
  1081 | D:1      | Found a faded altar of an unknown god.
  1296 | D:2      | Noticed Ijyb
  1313 | D:2      | Slain by Ijyb

Illustrated notes

Levels and vault maps discovered:
D:1:      dpeg_arrival_radiant, layout_basic, ebering_ecumenical_altar_ruins
D:2:      kennysheep_the_goblin_king, layout_loops_ring, kennysheep_boxes

Skill      XL: |  1  2 |
---------------+-------+-----
Fighting       | 4 |  4.2
Axes           | 5 |  5.3
Dodging        | |  2.4
Stealth        | |  1.5

Action                   || total
-------------------------++-------
Melee: Hand axe          ||   105
       Punch             ||     1
  Use: Scroll            ||     3
       Potion            ||     1
 Stab: Sleeping          ||     4
       Invisible         ||     1
Armor: Robe              ||    36
Dodge: Dodged            ||    71

Table legend: (Time is in decaauts)
 A = Elapsed time spent in this place.
 B = Non-inter-level travel time spent in this place.
 C = Inter-level travel time spent in this place.
 D = Time resting spent in this place.
 E = Time spent auto-exploring this place.
 F = Levels seen in this place.
 G = Mean time per level.
                   A        B        C        D        E       F      G
               +--------+--------+--------+--------+--------+-----+--------+
         Total |   1317 |   1262 |     55 |      0 |   1061 |   2 |  658.5 |
       Dungeon |   1317 |   1262 |     55 |      0 |   1061 |   2 |  658.5 |
               +--------+--------+--------+--------+--------+-----+--------+

Top non-repeatable levels by time:
     D:1: 1300 daAuts
     D:2: 17 daAuts
